 Dungeon Crawl Stone Soup version 0.22.0 (webtiles) character file.

32 lukekx100 the Insei (level 3, -9/23 HPs)
             Began as an Octopode Transmuter on Aug 10, 2018.
             Mangled by a gnoll
             ... wielding a +0 flail
              (12 damage)
             ... on level 2 of the Dungeon.
             The game lasted 00:05:49 (1060 turns).

lukekx100 the Insei (Octopode Transmuter)           Turns: 1060, Time: 00:05:49

Health: -9/23      AC:  1    Str:  9    XL:     3   Next: 27%
Magic:  6/6        EV: 13    Int: 16    God:
Gold:   45         SH:  0    Dex: 12    Spells: 2/6 levels left

rFire    . . .     SeeInvis .     - Unarmed
rCold    . . .     Gourm    .   (no shield)
rNeg     . . .     Faith    .   (helmet restricted)
rPois    .         Spirit   .   (no amulet)
rElec    .         Reflect  .   (no ring)
rCorr    .         Harm     .   (no ring)
MR       .....                  (no ring)
Stlth    +++.......             (no ring)
HPRegen  0.07/turn              (no ring)
MPRegen  0.10/turn              (no ring)
                                (no ring)
                                (no ring)

@: no status effects
A: almost no armour, stealthy swim, amphibious, 8 rings, constrict 8, camouflage
1, gelatinous body 1
a: no special abilities


You were on level 2 of the Dungeon.
You were not hungry.

You visited 1 branch of the dungeon, and saw 2 of its levels.

You collected 45 gold pieces.

Inventory:

Missiles
 a - 26 arrows
Scrolls
 b - a scroll of random uselessness {unknown}
 e - a scroll of amnesia {unknown}
Potions
 d - a potion of haste {unknown}
Comestibles
 c - 5 rations


   Skills:
 + Level 1.0 Fighting
 + Level 2.1 Dodging
 + Level 1.2 Stealth
 + Level 3.7 Unarmed Combat
 - Level 2.0 Spellcasting
 * Level 2.4 Transmutations


You had 2 spell levels left.
You knew the following spells:

 Your Spells              Type           Power        Failure   Level  Hunger
a - Beastly Appendage     Tmut           #.....       8%          1    #......
b - Spider Form           Tmut/Pois      #.........   36%         3    ###....

Your spell library contained the following spells:

 Spells                   Type           Power        Failure   Level  Hunger
 Blade Hands              Tmut           #.........   91%         5    ######.
 Ice Form                 Ice/Tmut       #.......     77%         4    #####..
 Sticks to Snakes         Tmut           #.......     12%         2    ###....


Dungeon Overview and Level Annotations

Branches:
Dungeon (2/15)

Altars:


Innate Abilities, Weirdness & Mutations

You cannot wear most types of armour.
You are very stealthy in the water. (Stealth+)
You are amphibious.
You can wear up to eight rings at the same time.
You can use your tentacles to constrict eight enemies at once.
Your skin changes colour to match your surroundings (Stealth+).
Your rubbery body absorbs attacks. (AC +1, EV +1)


Message History

[Y]es or [N]o only, please.
Memorise Spider Form, consuming 3 spell levels and leaving 2?
You start memorising the spell.
You continue memorising. x3
You finish memorising.
Spell assigned to 'b'.
Okay, then.
Unknown command.
A gnoll comes into view. It is wielding a flail.
You see here a gnoll corpse.
The gnoll misses you.
You tentacle-slap the gnoll. You grab the gnoll.
The gnoll is moderately wounded.
You constrict the gnoll, but do no damage.
The gnoll hits you with a flail.
You tentacle-slap the gnoll.
The gnoll is heavily wounded.
You constrict the gnoll. The gnoll hits you with a flail!
* * * LOW HITPOINT WARNING * * *
You release your grip on the gnoll.
The gnoll hits you with a flail!
Ouch! That really hurt!
You die...

#........# g#
#.######.###g#
#.##.......#.#
#.##.###.#.#.#
#.##.# #.#.#.#
#######.##.#
#.#.#.#
......#.##.#
#.#.#.#
###...#.##.#
#...g.# #...#.##.#
###@### #...#.##.#
#†# #...#.##.# #)#
#........# #.#
#.(##.##### #.#
#.........# #.#
###..##..##.####.#
...........<.....#
###.###..##.######


You could see a gnoll.

Vanquished Creatures
  2 gnolls (D:2)
  A leopard gecko (D:1)
  2 goblins (D:1)
  2 hobgoblins (D:1)
  A bat (D:1)
  2 frilled lizards (D:1)
  2 kobolds (D:1)
  A rat (D:1)
13 creatures vanquished.

Notes
Turn   | Place    | Note
-------+----------+-------------------------------------------
     0 | D:1      | lukekx100 the Octopode Transmuter began the quest for the Orb.
     0 | D:1      | Reached XP level 1. HP: 13/13 MP: 3/3
   299 | D:1      | Reached XP level 2. HP: 17/18 MP: 5/5
  1050 | D:2      | Reached skill level 1 in Stealth
  1050 | D:2      | Reached XP level 3. HP: 19/23 MP: 6/6
  1055 | D:2      | Learned a level 3 spell: Spider Form
  1060 | D:2      | Mangled by a gnoll

Skill      XL: |  1  2 |
---------------+-------+-----
Stealth        | 1 |  1.2
Fighting       | |  1.0
Dodging        | |  2.1
Unarmed Combat | |  3.7
Spellcasting   | |  2.0
Transmutations | |  2.4

Action                   || total
-------------------------++-------
Melee: Unarmed           ||    30
       Constrict         ||     8
       Tentacles         ||     5
       Punch             ||     2
Armor: Skin              ||     3
Dodge: Dodged            ||    30
